 Dungeon Crawl Stone Soup version 0.28-a0-1117-g0bdd5ba030 (webtiles) character file.

Game seed: 7438028797290679029

6246 SensoryNuts the Covered (level 10, -5/77 HPs)
             Began as a Demonspawn Gladiator on Dec 11, 2021.
             Was a Priest of Qazlal.
             Slain by an anaconda simulacrum (8 damage)
             ... on level 1 of the Lair of Beasts.
             The game lasted 00:19:52 (9807 turns).

SensoryNuts the Covered (Demonspawn Gladiator)      Turns: 9807, Time: 00:19:53

Health: -5/77      AC: 25    Str: 19    XL:     10   Next: 62%
Magic:  0/10       EV:  3    Int: 14    God:    Qazlal [***...]
Gold:   221        SH:  4    Dex: 14    Spells: 9/9 levels left

rFire   + . .      SeeInvis +   e - +5 short sword
rCold   + . .      Faith    .   (no shield)
rNeg    + . .      Spirit   +   r - +1 crystal plate armour
rPois   +          Reflect  .   c - +1 helmet
rElec   +          Harm     .   u - +2 cloak {Stlth+}
rCorr   +          Rampage  .   (no gloves)
Will    .....                   (no boots)
Stlth   ..........              q - amulet of Ehoremar {Regen+ Int+4 SInv}
HPRegen 1.02/turn               j - ring of positive energy
MPRegen 0.24/turn               (no ring)

@: resistant, constricted
A: hooves 2, magic shield, magic regeneration, sturdy frame 1
a: Renounce Religion, Upheaval, Elemental Force


You were on level 1 of the Lair of Beasts.
You worshipped Qazlal.
Qazlal was most pleased with you.
You visited 2 branches of the dungeon, and saw 10 of its levels.

You collected 1901 gold pieces.
You spent 1680 gold pieces at shops.

Inventory:

Hand Weapons
 a - a +0 long sword
 e - a +5 short sword (weapon)
 t - a +2 quarterstaff of chaos
Missiles
 d - 3 throwing nets (quivered)
Armour
 b - a +0 leather armour
 c - a +1 helmet (worn)
 r - a +1 crystal plate armour (worn)
 s - a +2 leather armour of fire resistance
 u - a +2 cloak of stealth (worn)
 v - +0 steam dragon scales
Magical Staves
 i - a staff of cold
Jewellery
 j - a ring of positive energy (left hand)
 o - an amulet of faith
 q - the amulet of Ehoremar (around neck) {Regen+ Int+4 SInv}
   (You found it on level 4 of the Dungeon)

   [amulet of regeneration]

   Int:       It affects your intelligence (+4).
   SInv:      It lets you see invisible.
   Regen:     It increases your rate of health regeneration.
Wands
 k - a wand of flame (12)
 l - a wand of digging (6)
 m - a wand of iceblast (11)
Scrolls
 f - 3 scrolls of amnesia
 h - 7 scrolls of identify
 p - 2 scrolls of silence
Potions
 g - 2 potions of degeneration
 n - a potion of resistance


   Skills:
 + Level 6.8 Fighting
 + Level 6.1(7.8) Short Blades
 + Level 7.4(8.4) Long Blades
 + Level 1.8 Throwing
 + Level 7.5 Armour
 + Level 5.1 Dodging
 + Level 1.6 Stealth
 + Level 3.8 Shields


You had 9 spell levels left.
You didn't know any spells.
Your spell library contained the following spells:

 Spells                   Type           Power      Damage    Failure   Level
 Freeze                   Ice            0%         1d3       100%        1
 Ensorcelled Hibernation  Hex/Ice        0%         N/A       100%        2
 Conjure Flame            Conj/Fire      0%         6-21      100%        3
 Frozen Ramparts          Ice            0%         1d2       100%        3
 Gell's Gravitas          Tloc           0%         N/A       100%        3
 Ignite Poison            Fire/Tmut/Pois 0%         N/A       100%        3
 Lesser Beckoning         Tloc           0%         N/A       100%        3
 Summon Guardian Golem    Hex/Summ       0%         N/A       100%        3
 Teleport Other           Tloc           0%         N/A       100%        3
 Tukima's Dance           Hex            0%         N/A       100%        3
 Fulminant Prism          Conj/Hex       0%         3d6       100%        4
 Hailstorm                Conj/Ice       0%         3d3       100%        4
 Iskenderun's Mystic Bla  Conj/Tloc      0%         2d3       100%        4
 Olgreb's Toxic Radiance  Pois           0%         N/A       100%        4
 Sticky Flame             Conj/Fire      0%         2d3       100%        4
 Alistair's Intoxication  Tmut/Pois      0%         N/A       100%        5
 Borgnjor's Vile Clutch   Necr/Erth      0%         N/A       100%        5
 Lee's Rapid Deconstruct  Erth           0%         3d5*      100%        5
 Eringya's Noxious Bog    Tmut/Pois      0%         N/A       100%        6
 Orb of Destruction       Conj           0%         N/A       100%        7
 Ozocubu's Refrigeration  Ice            0%         4d5       100%        7
 Spellforged Servitor     Conj/Summ      0%         N/A       100%        7
 Ignition                 Fire           0%         3d3       100%        8


Dungeon Overview and Level Annotations

Branches:
Dungeon (9/15)             Temple (0/1) D:4            Lair (1/6) D:9
    Orc: D:9-12

Altars:
Kikubaaqudgha
Qazlal
The Shining One

Shops:
D:4 [[   D:5 =

Annotations:
D:8 3 runed translucent doors, Pikel; ytrimaz's ghost, novice OpTm
Lair:1 1 transporter


Innate Abilities, Weirdness & Mutations

You have hoof-like feet.
When hurt, damage is shared between your health and your magic reserves.
You regenerate magic rapidly.
Your movements are slightly less encumbered by armour. (ER -2)


Message History

The wolf spider simulacrum freezes you!!
You hit the wolf spider simulacrum. You kick the wolf spider simulacrum.
The wolf spider simulacrum is moderately damaged.
The black mamba simulacrum barely misses you.
The wolf spider simulacrum hits you but does no damage.
You block the wolf spider simulacrum's attack.
The black mamba simulacrum bites you but does no damage.
You puncture the wolf spider simulacrum!
You kick the wolf spider simulacrum.
The wolf spider simulacrum is almost destroyed.
The wolf spider simulacrum hits you but does no damage.
The wolf spider simulacrum bites you but does no damage.
You block the black mamba simulacrum's attack.
You puncture the wolf spider simulacrum!
The wolf spider simulacrum vaporises!
Qazlal accepts your kill.
The black mamba simulacrum barely misses you.
You closely miss the anaconda simulacrum.
The anaconda simulacrum is moderately damaged.
The anaconda simulacrum grabs you. The anaconda simulacrum bites you!
The anaconda simulacrum freezes you!!
* * * LOW HITPOINT WARNING * * *
The anaconda simulacrum constricts you.
The black mamba simulacrum bites you but does no damage.
You feel protected. The anaconda simulacrum bites you.
* * * LOW HITPOINT WARNING * * *
The anaconda simulacrum freezes you! You resist.
* * * LOW HITPOINT WARNING * * *
The anaconda simulacrum constricts you.
The black mamba simulacrum bites you but does no damage.
The anaconda simulacrum bites you but does no damage.
The anaconda simulacrum constricts you.
You hit the anaconda simulacrum.
The anaconda simulacrum is heavily damaged.
The black mamba simulacrum bites you but does no damage.
The anaconda simulacrum bites you!
* * * LOW HITPOINT WARNING * * *
The anaconda simulacrum freezes you! You resist.
You die...

#...........##
##...........#
#.....<..#..##
#######.†...#.#.#
#○°○. ########..#
#°○○°.#○°°°°.#..###
#○○°°°#.☼○°.°#....#
#(?°°°○.#.#°○#...##
#©)°°☼°.Z@○°°#©..#
#[[°○○☼.#Z#○○#...#
#○○°☼○#.○Z°.○#...#
#☼○○○.#.○☼○°.#.†##
#○○○. ########.†#
##### ........#
........#
...####.P# .^ #..#


You could see a black mamba simulacrum, an anaconda simulacrum and a wolf spider
simulacrum.

Vanquished Creatures
  A two-headed ogre (D:8)
  A rime drake (Lair:1)
  Psyche (D:9)
  A troll (D:8)
  2 wolf spider simulacra (Lair:1)
  A hornet (D:9)
  A shadow (D:9)
  2 wyverns
  5 yaks (D:9)
  2 steam dragons
  A water moccasin (D:7)
  An orc warrior (D:6)
  An ice beast (D:6)
  2 ogres
  3 centaurs
  A phantom (D:5)
  3 lemures (D:8)
  4 kobold brigands
  5 bullfrogs
  A scorpion (D:6)
  14 killer bees
  2 howler monkeys
  A bullfrog zombie (D:5)
  3 orc priests
  Crazy Yiuf (D:7)
  A hound (D:6)
  2 jellies
  A scorpion zombie (D:3)
  6 orc wizards
  A killer bee zombie (D:7)
  2 bullfrog simulacra (Lair:1)
  2 hound zombies
  A hound skeleton (D:4)
  2 howler monkey zombies
  11 adders
  4 gnolls (D:5)
  2 howler monkey skeletons
  2 ufetubi
  3 adder skeletons (D:3)
  An adder zombie (D:3)
  3 dart slugs
  17 orcs
  3 endoplasms
  2 giant cockroaches (D:4)
  4 goblins
  7 hobgoblins
  7 jackals (D:3)
  26 kobolds
  3 quokkas
  11 ball pythons
  A ball python skeleton (D:3)
  5 bats
  4 rats
194 creatures vanquished.

Vanquished Creatures (others)
  5 fungi (D:3)
  8 plants (D:3)
  A withered plant (D:3)
14 creatures vanquished.

Grand Total: 208 creatures vanquished

Notes
Turn   | Place    | Note
-------+----------+-------------------------------------------
     0 | D:1      | SensoryNuts the Demonspawn Gladiator began the quest for
                  | the Orb.
     0 | D:1      | Reached XP level 1. HP: 16/16 MP: 1/1
   101 | D:1      | Gained mutation: You have large cloven feet. [demonic
                  | ancestry]
   101 | D:1      | Reached XP level 2. HP: 7/22 MP: 2/2
   623 | D:1      | You fall into a shaft and drop 1 floor!
   764 | D:2      | Found an ancient bone altar of Kikubaaqudgha.
   778 | D:2      | Reached XP level 3. HP: 17/27 MP: 3/3
  1395 | D:3      | Reached skill level 1 in Armour
  1748 | D:3      | Gained mutation: You regenerate magic rapidly. [demonic
                  | ancestry]
  1748 | D:3      | Reached XP level 4. HP: 34/34 MP: 4/4
  1775 | D:3      | Found a faded altar of an unknown god.
  1820 | D:3      | Prayed at the altar of an unknown god.
  1820 | D:3      | Became a worshipper of Qazlal Stormbringer
  1820 | D:3      | Reached * piety under Qazlal
  2395 | D:3      | Gained mutation: When hurt, damage is shared between your
                  | health and your magic reserves. [demonic ancestry]
  2395 | D:3      | Reached XP level 5. HP: 34/39 MP: 5/5
  3179 | D:4      | Found Heupel's Antique Armour Shoppe.
  3193 | D:4      | Reached ** piety under Qazlal
  3818 | D:4      | Found a staircase to the Ecumenical Temple.
  3849 | D:4      | Found Zeijea's Antique Armour Shop.
  4011 | D:4      | Identified the amulet of Ehoremar {Regen+ Int+4 SInv}
  4181 | D:5      | Entered Level 5 of the Dungeon
  4184 | D:5      | Noticed an ogre
  4187 | D:5      | Killed an ogre
  4188 | D:5      | Gained mutation: You have hoof-like feet. [demonic
                  | ancestry]
  4188 | D:5      | Reached XP level 6. HP: 31/47 MP: 3/6
  4382 | D:5      | Reached skill level 5 in Long Blades
  4708 | D:5      | Reached *** piety under Qazlal
  4743 | D:5      | Found Leiri's Jewellery Shoppe.
  5045 | D:5      | Gained mutation: Your movements are slightly less
                  | encumbered by armour. (ER -2) [demonic ancestry]
  5045 | D:5      | Reached XP level 7. HP: 52/52 MP: 7/7
  5368 | D:5      | Reached skill level 1 in Shields
  5915 | D:6      | Identified a scroll of acquirement
  5915 | D:6      | Acquired 1347 gold pieces
  6328 | D:6      | Reached skill level 1 in Stealth
  6508 | D:7      | Noticed a wyvern
  6527 | D:7      | Killed a wyvern
  6528 | D:7      | Reached XP level 8. HP: 31/61 MP: 5/8
  7102 | D:4      | Bought a crystal plate armour for 1680 gold pieces
  7396 | D:7      | Found a runed translucent door.
  7397 | D:7      | Noticed Crazy Yiuf
  7483 | D:7      | Reached skill level 5 in Fighting
  7745 | D:7      | Reached skill level 5 in Dodging
  7795 | D:7      | Killed Crazy Yiuf
  7930 | D:8      | Reached XP level 9. HP: 68/68 MP: 9/9
  7933 | D:8      | Noticed a two-headed ogre
  7937 | D:8      | Reached skill level 1 in Short Blades
  7946 | D:8      | Noticed Pikel
  8047 | D:8      | Noticed a troll
  8343 | D:9      | Found a staircase to the Lair.
  8360 | D:9      | Reached skill level 5 in Armour
  8758 | D:9      | Noticed Psyche
  8816 | D:8      | Reached XP level 10. HP: 52/76 MP: 10/10
  8848 | D:8      | Killed a two-headed ogre
  8849 | D:8      | Reached skill level 5 in Short Blades
  9298 | D:8      | Found a runed translucent gate.
  9298 | D:8      | Found a runed translucent gate.
  9298 | D:8      | Found a runed translucent gate.
  9299 | D:8      | Noticed ytrimaz's ghost (novice OpTm)
  9670 | D:9      | Killed Psyche
  9677 | D:9      | Noticed a wizard
  9691 | Lair:1   | Entered Level 1 of the Lair of Beasts
  9728 | Lair:1   | Found a transporter.
  9793 | Lair:1   | Found a transporter.
  9807 | Lair:1   | HP: 3/77 [anaconda simulacrum (6)]
  9807 | Lair:1   | Slain by an anaconda simulacrum

Illustrated notes

Levels and vault maps discovered:
D:1:      elethiomel_arrival_maze, layout_loops_ring
D:2:      layout_basic, basic_altar, minmay_tromino_v2
D:3:      layout_loops_cross, shapermc_ecumenical_altar_mp_urbaneastern,
          serial_undead, serial_undead_a, serial_undead_d, serial_undead_a,
          serial_undead_b, serial_undead_b, serial_undead_e,
          minmay_misc_feat_rows, minivault_27, minmay_shallow_snake_nest
D:4:      layout_cave_pods, minmay_temple_entry_poolview, serial_shops,
          kennysheep_mini, nicolae_stop_n_shop_1
D:5:      layout_basic, tso_metal_star, enter_ossuary_2, serial_shops,
          nicolae_shop_advertising_works [nicolae_subvault_shop_adworks]
D:6:      layout_rooms, minmay_misc_feat_ornament, lightli_minifort
D:7:      layout_loops_corners, uniq_crazy_yiuf_cottage
D:8:      layout_cave_pools, ebering_ghost_rock_garden, nicolae_two_hexagons,
          uniq_pikel
D:9:      hangedman_screamer, layout_loops_ring, minmay_pinched_square,
          uniq_maggie, uniq_psyche, uniq_maurice
Lair:1:   gammafunk_cloud_chamber, layout_cave_shapes, basic_altar,
          chequers_serial_rivers_marsh

Skill      XL: |  1  2  3  4  5  6  7  8  9 10 |
---------------+-------------------------------+-----
Long Blades    | 3 4 5 6 7 |  7.4
Dodging        | 3 4 5 |  5.1
Armour         | 1 2 3 4 6 7 |  7.5
Fighting       | 3 4 5 6 |  6.8
Shields        | 1 3 |  3.8
Stealth        | 1 |  1.6
Short Blades   | 4 6 |  6.1
Throwing       | |  1.8

Action                   |  1- 3 |  4- 6 |  7- 9 | 10-12 || total
-------------------------+-------+-------+-------+-------++-------
Melee: Long sword        |    93 |   206 |   141 |       ||   440
       Kick              |    19 |    49 |   142 |    38 ||   248
       Short sword       |       |       |   261 |   108 ||   369
  Use: Potion            |     7 |     4 |     6 |     1 ||    18
       Scroll            |       |     7 |     8 |     2 ||    17
 Stab: Sleeping          |     1 |       |       |       ||     1
Armor: Leather armour    |    47 |    72 |    24 |       ||   143
       Crystal plate arm |       |       |   334 |   119 ||   453
Dodge: Dodged            |    98 |   160 |   179 |    40 ||   477
Block: Other             |       |    29 |    52 |    34 ||   115

Table legend: (Time is in decaauts)
 A = Elapsed time spent in this place.
 B = Non-inter-level travel time spent in this place.
 C = Inter-level travel time spent in this place.
 D = Time resting spent in this place.
 E = Time spent auto-exploring this place.
 F = Levels seen in this place.
 G = Mean time per level.
                   A        B        C        D        E       F      G
               +--------+--------+--------+--------+--------+-----+--------+
         Total |   9828 |   9828 |      0 |      0 |   6788 |  10 |  982.8 |
       Dungeon |   9721 |   9721 |      0 |      0 |   6734 |   9 | 1080.1 |
          Lair |    107 |    107 |      0 |      0 |     54 |   1 |  107.0 |
               +--------+--------+--------+--------+--------+-----+--------+

Top non-repeatable levels by time:
     D:3: 1814 daAuts
     D:5: 1669 daAuts
     D:4: 1221 daAuts
     D:8: 1119 daAuts
     D:7: 1031 daAuts
     D:6: 802 daAuts
     D:2: 760 daAuts
     D:9: 672 daAuts
     D:1: 628 daAuts
  Lair:1: 107 daAuts
